 Dungeon Crawl Stone Soup version 0.27.1-34-g3ba077fa99 (webtiles) character file.

Game seed: 15377971408552193020

282 mcbry74 the Spear-Bearer (level 6, -3/44 HPs)
             Began as a Merfolk Gladiator on Jan 28, 2022.
             Was a Priest of Vehumet.
             Slain by an orc wizard (4 damage)
             ... on level 4 of the Dungeon.
             The game lasted 00:14:44 (3734 turns).

mcbry74 the Spear-Bearer (Merfolk Gladiator)        Turns: 3734, Time: 00:14:44

Health: -3/44      AC:  5    Str: 14    XL:     6   Next: 28%
Magic:  6/6        EV: 13    Int:  9    God:    Vehumet [***...]
Gold:   134        SH:  5    Dex: 16    Spells: 5/5 levels left

rFire    . . .     SeeInvis .   a - +0 trident
rCold    . . .     Faith    .   g - +0 buckler
rNeg     . . .     Spirit   .   b - +0 leather armour
rPois    .         Reflect  .   c - +0 helmet
rElec    .         Harm     .   x - +0 cloak
rCorr    +         Rampage  .   (no gloves)
Will     .....                  (no boots)
Stlth    +.........             (no amulet)
HPRegen  0.14/turn              n - ring of resist corrosion
MPRegen  0.10/turn              (no ring)

@: no status effects
A: (nimble swimmer 2), mertail
a: Renounce Religion


You were on level 4 of the Dungeon.
You worshipped Vehumet.
Vehumet was most pleased with you.
You visited 1 branch of the dungeon, and saw 4 of its levels.

You collected 134 gold pieces.

Inventory:

Hand Weapons
 a - a +0 trident (weapon)
Missiles
 d - 3 throwing nets
 j - 3 curare-tipped darts (quivered)
 p - 5 javelins
 r - 14 sling bullets
 s - 4 boomerangs
Armour
 b - a +0 leather armour (worn)
 c - a +0 helmet (worn)
 g - a +0 buckler (worn)
 x - a +0 cloak (worn)
Jewellery
 n - a ring of resist corrosion (left hand)
Scrolls
 e - a scroll of immolation {unknown}
 f - 2 scrolls of fog {unknown}
 i - 2 scrolls of enchant weapon {unknown}
 k - 4 scrolls of teleportation {unknown}
 l - a scroll of amnesia {unknown}
 m - a scroll of fear {unknown}
 u - 2 scrolls of identify {unknown}
 y - a scroll of enchant armour {unknown}
Potions
 h - 2 potions of cancellation {unknown}
 o - a potion of berserk rage {unknown}
 q - a potion of mutation {unknown}
 t - a potion of attraction {unknown}
 v - a potion of flight {unknown}
 w - a potion of lignification {unknown}


   Skills:
 - Level 2.1 Fighting
 * Level 8.2 Polearms
 - Level 2.0 Throwing
 - Level 4.0 Dodging
 + Level 3.0 Shields
 + Level 1.4 Summonings


You had 5 spell levels left.
You didn't know any spells.
Your spell library contained the following spells:

 Spells                   Type           Power      Damage    Failure   Level
 Static Discharge         Conj/Air       0%         N/A       22%         2
 Summon Small Mammal      Summ           8%         N/A       32%         1
 Call Canine Familiar     Summ           2%         N/A       67%         3
 Summon Guardian Golem    Hex/Summ       1%         N/A       78%         3


Dungeon Overview and Level Annotations

Branches:
Dungeon (4/15)
 Temple: D:4-7

Altars:
Vehumet

Shops:
D:1 *?*


Innate Abilities, Weirdness & Mutations

((You are quick and stealthy near water. (Stealth+, EV+, Speed+++)))
Your lower body shifts to a powerful aquatic tail in water.


Message History

The orc wizard flickers and vanishes!
Deactivating autopickup; reactivate with Ctrl-A.
You hit the orc.
You kill the orc!
Vehumet accepts your kill.
You see here a +0 whip.
Found a forked gold wand.
You hear some strange, mumbled words.
A puff of flame appears from out of thin air!
The puff of flame hits you. Something hits you but does no damage.
Items here: $ ( )) [.
You hit something. You miss something.
You hear some strange, mumbled words.
You are confused.
Something hits you but does no damage. Something hits you. Something hits you.
Items here: $ ( )) [.
You puncture something! Something barely misses you.
Something completely misses you.
You closely miss something.
You feel less confused.
You hear some strange, mumbled words.
A magic dart appears from out of thin air!
The magic dart hits you!
You miss something. Something hits you.
You closely miss something.
You hear some strange, mumbled words.
A puff of flame appears from out of thin air!
The puff of flame hits you!
* * * LOW HITPOINT WARNING * * *
You closely miss something.
You hear some strange, mumbled words.
A puff of flame appears from out of thin air!
The puff of flame hits you!
* * * LOW HITPOINT WARNING * * *
You miss something. Something hits you.
You die...

#............ #
#.....#.... .
##.......# .###
.#####...<....# #....
../............##.....
.. ............#......
#.................###
#..##.......)).......
#.......@....).$....
..#....{.........##
..#...).........##
#.###..........#
#..##......##..#
#...).....## ....
.....##.......... ...
##.## #.......... #.
............


There were no monsters in sight!

Vanquished Creatures
  A hound (D:3)
  An orc priest (D:4)
  A bullfrog skeleton (D:3)
  4 gnolls (D:2)
  5 adders
  2 worms (D:2)
  2 dart slugs
  15 orcs
  9 ball pythons
  4 bats
  13 endoplasms
  2 giant cockroaches (D:1)
  3 goblins
  8 hobgoblins
  2 jackals (D:1)
  3 quokkas
  4 frilled lizards
  A kobold (D:3)
  9 rats
89 creatures vanquished.

Vanquished Creatures (others)
  8 plants (D:2)
8 creatures vanquished.

Grand Total: 97 creatures vanquished

Notes
Turn   | Place    | Note
-------+----------+-------------------------------------------
     0 | D:1      | mcbry74 the Merfolk Gladiator began the quest for the Orb.
     0 | D:1      | Reached XP level 1. HP: 16/16 MP: 1/1
    73 | D:1      | Found Itsisega's General Store.
   161 | D:1      | Reached skill level 5 in Polearms
   166 | D:1      | Reached XP level 2. HP: 22/22 MP: 2/2
   169 | D:1      | Found Vaos's Magic Scroll Boutique.
   333 | D:1      | Reached skill level 6 in Polearms
   333 | D:1      | Reached XP level 3. HP: 26/27 MP: 3/3
   513 | D:1      | Found a faded altar of an unknown god.
   518 | D:1      | Became a worshipper of Vehumet
   518 | D:1      | Reached * piety under Vehumet
   518 | D:1      | Offered knowledge of Shock by Vehumet.
   589 | D:1      | Found Hipy's General Store.
   844 | D:2      | Reached skill level 1 in Shields
   977 | D:2      | Reached XP level 4. HP: 33/33 MP: 4/4
  1638 | D:2      | Reached skill level 7 in Polearms
  1689 | D:2      | Offered knowledge of Searing Ray by Vehumet.
  1690 | D:2      | Reached XP level 5. HP: 17/38 MP: 5/5
  2005 | D:2      | Reached ** piety under Vehumet
  2538 | D:3      | Offered knowledge of Static Discharge by Vehumet.
  2899 | D:3      | Reached skill level 1 in Summonings
  2899 | D:3      | Reached XP level 6. HP: 14/44 MP: 6/6
  3158 | D:3      | Reached skill level 8 in Polearms
  3261 | D:3      | Reached *** piety under Vehumet
  3733 | D:4      | HP: 1/44 [something/puff of flame (9)]
  3734 | D:4      | Slain by an orc wizard

Illustrated notes

Levels and vault maps discovered:
D:1:      heliophobic_arrival_ceremonial_halls, layout_rooms,
          shapermc_ecumenical_altar_mp_urbaneastern, serial_shops, shop,
          nicolae_shop_behind_doors, shop, minmay_tall_x
D:2:      minmay_recursive_quarters, layout_basic, serial_bayou_pond_c,
          mrwooster_statue_mirror
D:3:      layout_basic, serial_bayou_pond_b
D:4:      layout_cave_pools, uniq_natasha

Skill      XL: |  1  2  3  4  5  6 |
---------------+-------------------+-----
Polearms       | 5 6 7 8 |  8.2
Shields        | 1 2 3 |  3.0
Summonings     | 1 |  1.4
Fighting       | |  2.1
Throwing       | |  2.0
Dodging        | |  4.0

Action                   |  1- 3 |  4- 6 || total
-------------------------+-------+-------++-------
Melee: Trident           |    82 |   225 ||   307
       Tailslap          |       |     1 ||     1
 Stab: Sleeping          |       |     2 ||     2
       Distracted        |       |     1 ||     1
Armor: Leather armour    |    20 |    16 ||    36
Dodge: Dodged            |    29 |    76 ||   105
Block: Buckler           |    11 |    33 ||    44
